 Dungeon Crawl Stone Soup version 0.19-a0-526-gbe2e51c (webtiles) character file.

10093 mistymad the Covert (level 11, -18/81 HPs)
             Began as a Vampire Enchanter on June 7, 2016.
             Was a Follower of Ashenzari.
             Demolished by a hill giant
             ... wielding a +0 giant spiked club
              (20 damage)
             ... on level 10 of the Dungeon.
             The game lasted 00:35:24 (10203 turns).

mistymad the Covert (Vampire Enchanter)            Turns: 10203, Time: 00:35:25

Health: -18/81     AC:  7    Str:  7    XL:     11   Next: 31%
Magic:  30/30      EV: 19    Int: 17    God:    Ashenzari [*.....]
Gold:   607        SH:  0    Dex: 19    Spells: 7 memorised, 2 levels left

rFire  + . .     SeeInvis +     g - +1 dagger (speed)
rCold  + + .     Gourm    .     E - +2 robe {rF+}
rNeg   + + +     Faith    .     (no shield)
rPois  +         Spirit   .     l - +0 helmet
rElec  +         Dismiss  .     F - +0 cloak
rCorr  .         Reflect  .     a - +0 pair of gloves
SustAt .         Harm     .     (no boots)
MR     +....                    (no amulet)
Stlth  +++++++...               C - ring of stealth
                                H - ring "Eret" {rElec MP+9} (curse)

@: regenerating slowly, somewhat resistant to hostile enchantments, extremely
stealthy
A: fangs 3, see invisible, unbreathing
a: Bat Form, Curse Item, Scrying, Renounce Religion


You were on level 10 of the Dungeon.
You worshipped Ashenzari.
Ashenzari was aware of your devotion.
You were near bloodless.

You visited 2 branches of the dungeon, and saw 11 of its levels.
You also visited: Bailey.

You collected 673 gold pieces.
You spent 66 gold pieces at shops.

Inventory:

Hand Weapons
 g - a +1 dagger of speed (weapon)
 v - a +1 dagger of venom
Armour
 a - a +0 pair of gloves (worn)
 l - a +0 helmet (worn)
 n - a +2 robe of cold resistance
 E - a +2 robe of fire resistance (worn)
 F - a +0 cloak (worn)
Jewellery
 y - an uncursed ring of protection from cold
 C - a ring of stealth (right hand)
 H - the cursed ring "Eret" (left hand) {rElec MP+9}
   (You found it on level 9 of the Dungeon)

   [ring of magical power]

   It insulates you from electricity.
   It affects your magic capacity (+9).
   It has a curse placed upon it.
Wands
 h - a wand of flame (26/48)
 z - a wand of digging (9/24)
Scrolls
 f - 5 scrolls of remove curse
 i - 4 scrolls of magic mapping
 k - a scroll of recharging
 r - 2 scrolls of immolation
 t - a scroll of enchant weapon
 w - 7 scrolls of teleportation
 x - 2 scrolls of fog
 B - a scroll of amnesia
 D - 2 scrolls of enchant armour
 I - a scroll of fear {unknown}
Potions
 b - 2 potions of flight {unknown}
 d - 10 potions of blood
 e - 4 potions of curing
 j - a potion of agility {unknown}
 m - 4 potions of might
 o - a potion of heal wounds
 p - a potion of experience {unknown}
 q - a potion of ambrosia {unknown}
 s - a potion of mutation {unknown}
 u - a potion of brilliance {unknown}
 A - 3 potions of degeneration {unknown}
Books
 c - a book of Maledictions

   Spells                             Type                      Level
   a - Corona                         Hexes                        1
   b - Ensorcelled Hibernation        Hexes/Ice                    2
   c - Confuse                        Hexes                        3
   d - Tukima's Dance                 Hexes                        3
   e - Dazzling Spray                 Conjuration/Hexes            3
 G - a book of the Sky

   Spells                             Type                      Level
   a - Summon Lightning Spire         Summoning/Air                4
   b - Airstrike                      Air                          4
   c - Silence                        Hexes/Air                    5
   d - Deflect Missiles               Charms/Air                   6
   e - Conjure Ball Lightning         Conjuration/Air              6
   f - Tornado                        Air                          9


   Skills:
 + Level 6.3 Fighting
 + Level 7.7 Short Blades
 + Level 8.3 Dodging
 + Level 11.8 Stealth
 + Level 6.9 Spellcasting
 + Level 10.7 Hexes
 + Level 2.6 Summonings
 + Level 2.8 Air Magic


You had 2 spell levels left.
You knew the following spells:

 Your Spells              Type           Power        Failure   Level  Hunger
a - Corona                Hex            #####..      1%          1    None
b - Ensorcelled Hibernat  Hex/Ice        ###...       1%          2    None
c - Confuse               Hex            #####...     1%          3    ##.....
d - Tukima's Dance        Hex            #####...     1%          3    ##.....
e - Dazzling Spray        Conj/Hex       ###...       4%          3    ##.....
f - Silence               Hex/Air        ####......   21%         5    #####..
g - Summon Lightning Spi  Summ/Air       ###.....     45%         4    ####...


Dungeon Overview and Level Annotations

Branches:
Dungeon (10/15)            Temple (1/1) D:5            Lair (0/8) D:10
    Orc: D:9-12

Altars:
Ashenzari
Cheibriados
Dithmenos
Elyvilon
Fedhas
Gozag
Hepliaklqana
Kikubaaqudgha
Makhleb
Nemelex Xobeh
Okawaru
Pakellas
Qazlal
Ru
Sif Muna
Trog
Uskayaw
Vehumet
Xom
Yredelemnul
Zin
The Shining One

Shops:
D:5 ?}}   D:8 *   D:10 :


Innate Abilities, Weirdness & Mutations

You heal slowly.
You have razor-sharp teeth.
You have supernaturally acute eyesight. (SInv)
You can survive without breathing.


Message History

The two-headed ogre hits you with a giant club.
* * * LOW HITPOINT WARNING * * *
You take 27 damage, and have 16/81 hp.
MASSIVE DAMAGE!!
You try to slip out of the net.
The hill giant closely misses you.
You struggle to escape the net.
The two-headed ogre barely misses you.
The two-headed ogre completely misses you.
You struggle against the net.
The hill giant completely misses you. The two-headed ogre barely misses you.
The two-headed ogre hits you with a giant club.
* * * LOW HITPOINT WARNING * * *
You take 5 damage, and have 12/81 hp.
You slip out of the net!
The hill giant misses you. The two-headed ogre misses you.
The two-headed ogre hits you with a giant club!
* * * LOW HITPOINT WARNING * * *
You take 10 damage, and have 2/81 hp.
Unknown command.
Unknown command.
The hill giant hits you with a giant spiked club!!
You die...

#.....#######.#.....
#..##†# #.# ###
#..##.# #.# #.....#
#.. #########.##.# #.#
..........##.# #.#
....#####.##.#######.#
###.# #.##.........###
# #.# #.######@.......
###.# #.# ###OC#######
....# #.# #...........
##### #.# #.#.....###
# #.# #.##.##.#
#########.#
#.##.##.### #
..........#
#.#...C...#### #
###########
#............# #
#######.#.##.# #


You could see a hill giant and a two-headed ogre.

Vanquished Creatures
  A death yak (D:10)
  The ghost of protoss039 the Blocker, a novice GrFi of Okawaru (D:8)
  An unseen horror (D:10)
  2 hill giants
  The ghost of ololoev the Thaumaturge, a novice DEFE of Sif Muna (D:9)
  3 orc knights (Bailey)
  Maurice (D:9)
  Sigmund (D:3)
  6 yaks
  2 wyverns (D:8)
  2 hogs (D:8)
  A human (D:8)
  A hungry ghost (D:9)
  A dancing weapon (D:4)
  A water moccasin (D:9)
  2 porcupines (D:10)
  An ice beast (D:10)
  A phantom (D:10)
  A sky beast (D:8)
  6 orc warriors
  4 ogres
  4 centaurs
  3 crocodiles
  Blork the orc (D:8)
  A big kobold (D:7)
  A giant frog (D:10)
  A scorpion (D:8)
  A wyvern skeleton (D:9)
  4 killer bees (D:10)
  2 wights (D:8)
  A centaur zombie (D:8)
  2 howler monkeys
  A giant frog zombie (D:10)
  A wasp zombie (D:6)
  A hound (D:6)
  2 jellies
  A centaur skeleton (D:8)
  A giant frog skeleton (D:10)
  An orc priest (D:6)
  7 orc wizards
  Ijyb (D:2)
  2 iguanas
  5 worker ants
  A sheep (D:8)
  A hound zombie (D:7)
  A hound skeleton (D:5)
  6 gnolls
  A worker ant zombie (D:10)
  4 river rats (D:10)
  10 adders
  A howler monkey skeleton (D:4)
  3 shadow imps
  An ooze (D:2)
  An adder zombie (D:9)
  An adder skeleton (D:5)
  2 worms (D:3)
  A dart slug (D:4)
  3 giant geckos
  26 orcs
  5 bats
  5 giant cockroaches
  11 hobgoblins
  3 jackals (D:5)
  13 kobolds
  5 quokkas
  A ball python (D:2)
  3 giant newts
  3 goblins
  A quokka skeleton (D:3)
  7 rats
204 creatures vanquished.

Vanquished Creatures (others)
  A killer bee (D:10)
1 creature vanquished.

Grand Total: 205 creatures vanquished

Notes
Turn   | Place    | Note
--------------------------------------------------------------
     0 | D:1      | mistymad the Vampire Enchanter began the quest for the Orb.
     0 | D:1      | Reached XP level 1. HP: 13/13 MP: 3/3
   193 | D:1      | Reached XP level 2. HP: 20/20 MP: 5/5
   197 | D:1      | Learned a level 2 spell: Ensorcelled Hibernation
   834 | D:2      | Reached XP level 3. HP: 25/25 MP: 4/6
   839 | D:2      | Learned a level 3 spell: Confuse
   976 | D:2      | Found a faded altar of an unknown god.
   981 | D:2      | Noticed Ijyb
  1119 | D:2      | Killed Ijyb
  1119 | D:2      | Reached skill level 1 in Fighting
  1119 | D:2      | Reached skill level 5 in Stealth
  1199 | D:2      | Reached XP level 4. HP: 32/32 MP: 4/7
  1236 | D:2      | Reached skill level 5 in Hexes
  1558 | D:2      | Found an oddly glowing altar of Pakellas.
  1809 | D:3      | Found a radiant altar of Vehumet.
  1819 | D:3      | Noticed Sigmund
  1830 | D:3      | Killed Sigmund
  1830 | D:3      | Reached XP level 5. HP: 35/38 MP: 1/9
  1830 | D:3      | Reached XP level 6. HP: 40/44 MP: 1/10
  1888 | D:3      | Found a hazy altar of Hepliaklqana.
  1903 | D:3      | Reached skill level 6 in Stealth
  2098 | D:3      | Learned a level 3 spell: Tukima's Dance
  2143 | D:3      | Found a snail-covered altar of Cheibriados.
  2918 | D:5      | Entered Level 5 of the Dungeon
  2934 | D:5      | Found Anateing's Gadget Shop.
  2939 | D:5      | Reached XP level 7. HP: 49/50 MP: 12/12
  2960 | D:5      | Found Buschouq's Gadget Emporium.
  2972 | D:5      | Found Xotoli's Magic Scroll Emporium.
  3067 | D:5      | Bought a scroll of magic mapping for 42 gold pieces
  3067 | D:5      | Bought a scroll of identify for 24 gold pieces
  3304 | D:5      | Reached skill level 7 in Stealth
  3471 | D:5      | Found a staircase to the Ecumenical Temple.
  3492 | Temple   | Entered the Ecumenical Temple
  3710 | Temple   | Became a worshipper of Ashenzari the Shackled
  3927 | D:6      | Reached XP level 8. HP: 44/57 MP: 2/14
  4176 | D:6      | Found a basalt altar of Yredelemnul.
  4194 | D:6      | Reached skill level 5 in Dodging
  4649 | D:7      | Found a stormy altar of Qazlal.
  4769 | D:7      | Reached * piety under Ashenzari
  5143 | D:7      | Found an iron altar of Okawaru.
  5160 | D:7      | Found a burning altar of Makhleb.
  5160 | D:7      | Noticed a balrug
  5163 | D:7      | Found a glowing silver altar of Zin.
  5163 | D:7      | Noticed an angel
  5427 | D:8      | Reached skill level 5 in Short Blades
  5445 | D:8      | Reached skill level 8 in Stealth
  5650 | D:8      | Reached XP level 9. HP: 65/65 MP: 13/16
  5674 | D:8      | Found an ancient bone altar of Kikubaaqudgha.
  5674 | D:8      | Found Nueril's General Store.
  5771 | D:8      | Noticed protoss039's ghost (novice GrFi)
  6308 | D:8      | Noticed Blork the orc
  6309 | D:8      | Reached skill level 9 in Stealth
  6370 | D:8      | Reached skill level 5 in Spellcasting
  6670 | D:8      | Found a glowing golden altar of the Shining One.
  6670 | D:8      | Found a white marble altar of Elyvilon.
  6678 | D:8      | Found a blossoming altar of Fedhas.
  6678 | D:8      | Found a basalt altar of Yredelemnul.
  6682 | D:8      | Found an opulent altar of Gozag.
  6741 | D:8      | Killed protoss039's ghost
  6994 | D:8      | Killed Blork the orc
  7076 | D:8      | Reached skill level 10 in Stealth
  7282 | D:9      | Found a deep blue altar of Sif Muna.
  7282 | D:9      | Found a sacrificial altar of Ru.
  7352 | D:9      | Noticed Maurice
  7361 | D:9      | Killed Maurice
  7361 | D:9      | Reached skill level 5 in Fighting
  7361 | D:9      | Reached XP level 10. HP: 67/74 MP: 15/18
  7379 | D:9      | Found a flagged portal.
  7391 | Bailey   | Entered a bailey
  7812 | Bailey   | Noticed an orc knight
  7886 | Bailey   | Noticed an orc knight
  7895 | Bailey   | Killed an orc knight
  7999 | Bailey   | Killed an orc knight
  8150 | Bailey   | Noticed an orc knight
  8155 | Bailey   | Killed an orc knight
  8304 | D:9      | Learned a level 3 spell: Dazzling Spray
  8310 | D:9      | Learned a level 5 spell: Silence
  8315 | D:9      | Learned a level 4 spell: Summon Lightning Spire
  8464 | D:9      | Identified the ring "Eret" {rElec MP+9}
  8524 | D:9      | Reached skill level 10 in Hexes
  8672 | D:9      | Noticed ololoev's ghost (novice DEFE)
  8694 | D:9      | Killed ololoev's ghost
  8694 | D:9      | Reached skill level 11 in Stealth
  8694 | D:9      | Reached skill level 1 in Air Magic
  8849 | D:9      | Noticed a hill giant
  8860 | D:9      | Killed a hill giant
  8860 | D:9      | Reached skill level 1 in Summonings
  9367 | D:10     | Entered Level 10 of the Dungeon
  9367 | D:10     | Noticed an unseen horror
  9373 | D:10     | Killed an unseen horror
  9373 | D:10     | Reached XP level 11. HP: 81/81 MP: 19/21
  9503 | D:10     | Noticed a hill giant
  9510 | D:10     | Killed a hill giant
  9514 | D:10     | Found a staircase to the Lair.
  9514 | D:10     | Noticed a death yak
  9541 | D:10     | Killed a death yak
 10015 | D:10     | Found Osucrog's Book Emporium.
 10180 | D:10     | Noticed a hill giant
 10202 | D:10     | HP: 2/81 [two-headed ogre/giant club (10)]
 10203 | D:10     | Demolished by a hill giant

Vault maps used:
D:1:      shiori_arrival_elements, minivault_26
D:2:      ecumenical_altar_1, first_bread, grunt_pakellas_sulfur, uniq_iyjb
D:3:      cheibriados_altar_1, lemuel_crystal_altar, vehumet_crystals,
          uniq_sigmund
D:5:      minmay_temple_entry_overgrown, serial_shops, shop, shop,
          kennysheep_mini_moat
D:6:      kennysheep_nub, yredelemnul_altar_generic
D:7:      grunt_temple_overflow_order_and_chaos_2, okawaru_metal_pillars_1_2,
          lemuel_coloured_pillars_altar
D:8:      lemuel_doored_altar, minitemple, serial_shops,
          nicolae_shop_competitors_out_of_business, grunt_livestock,
          sword_in_stone
D:9:      gammafunk_temple_overflow_wave, enter_bailey_2, nicolae_two_hexagons,
          uniq_maurice
D:10:     dpeg_lair_monsters, orc_0_dummy, serial_shops, nicolae_shop_crystal
Temple:   temple_island_7
Bailey:   bailey_polearm_1, bailey

Skill      XL: |  1  2  3  4  5  6  7  8  9 10 11 |
---------------+----------------------------------+-----
Fighting       | 1 2 3 5 6 |  6.3
Stealth        | 5 6 7 8 10 11 | 11.8
Short Blades   | 2 3 4 5 6 7 |  7.7
Hexes          | 5 6 7 9 10 | 10.7
Dodging        | 3 4 5 7 8 |  8.3
Spellcasting   | 3 4 5 6 |  6.9
Air Magic      | 2 |  2.8
Summonings     | 2 |  2.6

Action                   |  1- 3 |  4- 6 |  7- 9 | 10-12 || total
-------------------------+-------+-------+-------+-------++-------
Melee: Dagger            |    63 |   126 |   301 |   202 ||   692
       Bite              |     7 |    15 |    36 |    28 ||    86
 Cast: Ensorcelled Hiber |     4 |    10 |    35 |    26 ||    75
       Confuse           |     3 |     5 |    32 |    54 ||    94
       Tukima's Dance    |       |     1 |     1 |     2 ||     4
       Dazzling Spray    |       |       |       |     2 ||     2
Invok: Curse Item        |       |       |       |     1 ||     1
  Use: Potion            |       |     2 |     8 |     1 ||    11
       Scroll            |       |       |     9 |     4 ||    13
 Stab: Sleeping          |    12 |    17 |    30 |    19 ||    78
       Confused          |     3 |     5 |    26 |    24 ||    58
       Distracted        |       |       |     1 |       ||     1
       Invisible         |       |       |       |     3 ||     3
Armor: Robe              |     9 |    22 |    48 |    14 ||    93
Dodge: Dodged            |    24 |    58 |   162 |   103 ||   347
